 Dungeon Crawl Stone Soup version 0.30.0 (webtiles) character file.

Game seed: 1111136067625425007

11 Dani the Trooper (level 2, 24/24 HPs)
             Began as a Demonspawn Fighter on May 20, 2023.
             Quit the game on level 1 of the Dungeon.
             The game lasted 00:00:22 (160 turns).

Dani the Trooper (Demonspawn Fighter)                Turns: 160, Time: 00:00:22

Health: 24/24      AC:  9    Str: 16    XL:     2   Next: 13%
Magic:  2/2        EV:  8    Int:  9    God:
Gold:   12         SH:  4    Dex: 12    Spells: 1/1 levels left

rFire   . . .        a - +1 war axe
rCold   . . .        c - +0 buckler
rNeg    . . .        b - +1 scale mail
rPois   .            (no helmet)
rElec   .            (no cloak)
rCorr   .            (no gloves)
SInv    .            (no boots)
Will    .....        (no amulet) Stlth
                     (no ring)
HPRegen 0.24/turn    (no ring)
MPRegen 0.08/turn

%: no passive effects
@: no status effects
A: slimy green scales 1
a: no special abilities


You were on level 1 of the Dungeon.
You visited 1 branch of the dungeon, and saw 1 of its levels.

You collected 12 gold pieces.

Inventory:

Hand Weapons
 a - a +1 war axe (weapon)
Armour
 b - a +1 scale mail (worn)
 c - a +0 buckler (worn)
Scrolls
 T - a scroll of teleportation
Potions
 d - a potion of might


   Skills:
 - Level 3.0 Fighting
 + Level 2.6 Axes
 - Level 2.6 Armour
 - Level 2.6 Shields


You had one spell level left.
You didn't know any spells.
Your spell library was empty.

Dungeon Overview and Level Annotations

Branches:
Dungeon (1/15)

Altars:


Innate Abilities, Weirdness & Mutations

You are partially covered in slimy green scales. (AC +2)


Message History

Key pressed, stopping explore.
No target in view!
Key pressed, stopping explore.
No target in view!
A kobold comes into view. It is wielding a +0 dagger.
Found a scroll labelled YSUTUI XACEFRIAPE.
The kobold shouts!
The kobold throws a stone.
The stone hits you but does no damage.
A kobold is nearby!
A kobold is nearby!
A kobold is nearby!
A hobgoblin comes into view.
There are monsters nearby!
The hobgoblin shouts!
You hit the kobold but do no damage. You block the kobold's attack.
There are monsters nearby!
You closely miss the kobold. The kobold hits you but does no damage.
The kobold closely misses you.
There are monsters nearby!
You hit the kobold.
You kill the kobold!
A hobgoblin is nearby!
A hobgoblin is nearby!
A hobgoblin is nearby!
You slash the hobgoblin!
You kill the hobgoblin!
Things that are here:
a +0 dagger; 4 stones Key pressed, stopping explore.
No target in view!
No target in view!
e - a scroll labelled YSUTUI XACEFRIAPE No target in view!
You see here a hobgoblin corpse.
Key pressed, stopping explore.
A hobgoblin comes into view.
The hobgoblin shouts!
As you read the scroll labelled YSUTUI XACEFRIAPE, it crumbles to dust.
It is a scroll of enchant armour.
Your +0 scale mail glows green for a moment.
A hobgoblin is nearby!
A goblin and a bat come into view.
The goblin shouts!
A hobgoblin comes into view.
There are monsters nearby!
The hobgoblin shouts!
You hit the hobgoblin.
The hobgoblin is moderately wounded.
You hear a shout!
A kobold comes into view. It is wielding a +0 club.
The hobgoblin hits you but does no damage.
There are monsters nearby!
You hit the hobgoblin.
The hobgoblin is severely wounded.
You hit the bat but do no damage. The bat barely misses you.
The hobgoblin hits you but does no damage.
There are monsters nearby!
You hit the hobgoblin but do no damage.
The hobgoblin is severely wounded.
You miss the bat. The bat hits you.
The hobgoblin hits you but does no damage.
The hobgoblin barely misses you.
There are monsters nearby!
You hit the hobgoblin.
The hobgoblin is almost dead.
The bat completely misses you.
The hobgoblin hits you but does no damage.
There are monsters nearby!
You slash the hobgoblin!
You kill the hobgoblin!
You hit the hobgoblin.
You kill the hobgoblin!
The bat hits you but does no damage.
There are monsters nearby!
You barely miss the bat. You completely miss the goblin. You hit the kobold.
You kill the kobold!
The bat hits you but does no damage. The goblin hits you but does no damage.
The bat hits you but does no damage.
You have reached level 2!
Your demonic ancestry asserts itself...
Slimy green scales grow over part of your body.
You hit the bat.
You kill the bat!
You hit the goblin. The goblin hits you but does no damage.
The goblin barely misses you.
A goblin is nearby!
You slash the goblin!
You kill the goblin!
You see here a hobgoblin corpse.
Things that are here:
a +0 dagger; a goblin corpse
T - a scroll of teleportation No target in view!
Key pressed, stopping explore.
No target in view!
Found a stone staircase leading down.
No target in view!
A frilled lizard comes into view.
The frilled lizard hisses angrily.
Are you sure you want to abandon this character and quit the game? (Confirm with "yes".)

..............###.~~~~...#
#####..#.#....#...#~~~..#
#....###.##.#.#.≈≈~##
##..#.# #.##.#.#.≈≈..#
#.....# #.#..#.##≈≈#.#
####....####.#.#..# ≈##.#
#.........##...#.##
......)...###..#..#####.
#....†....###...@.....l.
####.#..###.....########
##.#..##..###.#
#..#..##.####.#
#.##.##..##...#
#.#..##.......#
##.#††)..###...#
#.....##.#.....#
#.#...).....~..#


You could see a frilled lizard.

Vanquished Creatures
  2 goblins (D:1)
  3 hobgoblins (D:1)
  A bat (D:1)
  A frilled lizard (D:1)
  2 kobolds (D:1)
  A rat (D:1)
10 creatures vanquished.

Notes
Turn   | Place    | Note
-------+----------+-------------------------------------------
     0 | D:1      | Dani the Demonspawn Fighter began the quest for the Orb.
     0 | D:1      | Reached XP level 1. HP: 18/18 MP: 1/1
    59 | D:1      | Reached skill level 2 in Axes
   133 | D:1      | Gained mutation: You are partially covered in slimy green
                  | scales. (AC +2) [demonic ancestry]
   133 | D:1      | Reached XP level 2. HP: 24/24 MP: 2/2
   160 | D:1      | Quit the game

Illustrated notes

Levels and vault maps discovered:
D:1:      dpeg_arrival_line_fractal, layout_rooms, serial_rivers,
          chequers_serial_rivers_large_a, chequers_serial_rivers_small_3,
          chequers_serial_rivers_small_3, chequers_serial_rivers_room_b,
          hellmonk_ecumenical_altar_watching_god, minmay_pentomino_s2

Skill      XL: |  1 |
---------------+----+-----
Axes           | 2 |  2.6
Fighting       | |  3.0
Armour         | |  2.6
Shields        | |  2.6

Action                     || total
---------------------------++-------
  Melee: War axe           ||    19
    Use: Scroll            ||     4
 Armour: Scale mail        ||    17
  Dodge: Dodged            ||     7
  Block: Buckler           ||     1

Levels and vault maps discovered:
D:1:      dpeg_arrival_line_fractal, layout_rooms, serial_rivers,
          chequers_serial_rivers_large_a, chequers_serial_rivers_small_3,
          chequers_serial_rivers_small_3, chequers_serial_rivers_room_b,
          hellmonk_ecumenical_altar_watching_god, minmay_pentomino_s2

Table legend: (Time is in decaauts)
 A = Elapsed time spent in this place.
 B = Non-inter-level travel time spent in this place.
 C = Inter-level travel time spent in this place.
 D = Time resting spent in this place.
 E = Time spent auto-exploring this place.
 F = Levels seen in this place.
 G = Mean time per level.
                   A        B        C        D        E       F      G
               +--------+--------+--------+--------+--------+-----+--------+
         Total |    168 |    168 |      0 |      0 |    114 |   1 |  168.0 |
       Dungeon |    168 |    168 |      0 |      0 |    114 |   1 |  168.0 |
               +--------+--------+--------+--------+--------+-----+--------+

Top non-repeatable levels by time:
     D:1: 168 daAuts

Table legend:
 A = Kills in this place as a percentage of kills in the entire game.
 B = Kills by you in this place as a percentage of kills by you in the entire game.
 C = Kills by friends in this place as a percentage of kills by friends in the entire game.
 D = Other kills in this place as a percentage of other kills in the entire game.
 E = Experience gained in this place as a percentage of experience gained in the entire game.
 F = Experience gained in this place divided by the number of levels of this place that you have seen.
                   A       B       C       D       E      F
               +-------+-------+-------+-------+-------+----------------------
         Total | 100.0 | 100.0 |   N/A |   N/A | 100.0 |  16.0
       Dungeon | 100.0 | 100.0 |   N/A |   N/A | 100.0 |  16.0
               +-------+-------+-------+-------+-------+----------------------
